 Dungeon Crawl Stone Soup version 0.31-a0-239-g0a1456f148 (webtiles) character file.

Game seed: 3318947815726672186

249 qw the Shooter (level 6, 0/37 HPs)
             Began as a Gargoyle Hexslinger on July 11, 2023.
             Was an Initiate of Okawaru.
             Slain by a wight
             ... wielding a +3 spear
              (2 damage)
             ... on level 5 of the Dungeon.
             The game lasted 00:01:21 (3152 turns).

qw the Shooter (Gargoyle Hexslinger)                Turns: 3152, Time: 00:01:21

Health: 0/37       AC: 10    Str: 11    XL:     6   Next: 12%
Magic:  7/7        EV: 12    Int: 14    God:    Okawaru [......]
Gold:   265        SH:  0    Dex: 14    Spells: 6/7 levels left

rFire   + . .        Y - +2 sling
rCold   . . .        (no shield)
rNeg    + + .        j - +1 robe of Suip {rF+ rN+}
rPois   inf          (no helmet)
rElec   +            g - +2 cloak
rCorr   .            (no gloves)
SInv    .            (no boots)
Will    +....        (no amulet)
Stlth   +            b - ring of willpower
HPRegen 0.26/turn    (no ring)
MPRegen 0.10/turn

%: no passive effects
@: no status effects
A: sickness immunity, AC +4, negative energy resistance 1, electricity
resistance, torment resistance 1, petrification resistance
a: Renounce Religion


You were on level 5 of the Dungeon.
You worshipped Okawaru.
Okawaru was noncommittal.
You visited 2 branches of the dungeon, and saw 6 of its levels.

You collected 265 gold pieces.


Innate Abilities, Weirdness & Mutations

You are immune to sickness and miasma.
Your stone body is resilient. (AC +4)
You are immune to poison.
You resist negative energy. (rN+)
You are resistant to electric shocks. (rElec)
You are resistant to unholy torment.
You are immune to petrification.


   Skills:
 - Level 3.3 Fighting
 + Level 5.4 Ranged Weapons
 - Level 1.5 Dodging
 - Level 1.0 Spellcasting
 - Level 2.6 Hexes


You had 6 spell levels left.
You knew the following spells:

 Your Spells              Type           Power      Damage    Failure   Level
a - Slow                  Hex            32%        N/A       9%          1

Your spell library contained the following spells:

 Spells                   Type           Power      Damage    Failure   Level
 Inner Flame              Hex/Fire       4%         N/A       41%         3
 Portal Projectile        Hex/Tloc       8%         N/A       41%         3
 Cause Fear               Hex            4%         N/A       65%         4

Inventory:

Hand Weapons
 Y - a +2 sling (weapon)
Armour
 c - a +0 ring mail
 g - a +2 cloak (worn)
 j - the +1 robe of Suip (worn) {rF+ rN+}
   (You found it on level 2 of the Dungeon)

   rF:        It protects you from fire.
   rN:        It protects you from negative energy.
Jewellery
 b - a ring of willpower (left hand)
Scrolls
 a - a scroll of identify
Potions
 f - a potion of curing
 k - a potion of haste {unknown}

Dungeon Overview and Level Annotations

Branches:
Dungeon (5/15)             Temple (1/1) D:4

Altars:
Ashenzari
Dithmenos
Fedhas
Gozag
Hepliaklqana
Makhleb
Nemelex Xobeh
Okawaru
Qazlal
Ru
Trog
Wu Jian
Xom
Yredelemnul
Zin
The Shining One

Shops:
D:3 [   D:4 (

Annotations:
D:3 3 runed translucent doors, qw's ghost, amateur GrHs
D:5 exclusion: wight


Message History

The sling bullet barely misses the wight.
You shoot a sling bullet.
The sling bullet closely misses the wight.
You shoot a sling bullet.
The sling bullet closely misses the wight.
The wight hits you from afar with a +3 spear.
You shoot a sling bullet.
The sling bullet barely misses the wight.
The wight hits you from afar with a +3 spear.
You shoot a sling bullet.
The sling bullet hits the wight but does no damage.
The wight is lightly damaged.
The wight hits you but does no damage.
You shoot a sling bullet.
The sling bullet barely misses the wight.
The wight hits you from afar with a +3 spear!
The wight hits you from afar with a +3 spear. 2 wights come into view.
The wight barely misses you. The wight closely misses you.
The wight hits you with a +3 spear. The wight misses you.
3145 ||| FLEEEEING.
3146 ||| FLEEEEING.
3147 ||| FLEEEEING.
3148 ||| FLEEEEING.
3149 ||| FLEEEEING.
You shoot a sling bullet. The sling bullet hits the wight.
The wight is lightly damaged.
The wight barely misses you.
You shoot a sling bullet.
The sling bullet hits the wight but does no damage.
The wight is lightly damaged.
The wight hits you from afar with a +3 spear!
You shoot a sling bullet.
The sling bullet closely misses the wight.
The sling bullet hits the wight.
The wight is moderately damaged.
The wight hits you from afar with a +3 spear.
You die...

##........... .
##.......# #.# ...
#.....>..# #.#### ....
#.......###..#.##...
##.......##...#.....# .
........).....#.# ..# ..
.............zz.##..##...
............##z..........
............##..@...<....
............#..#.<.......
#####..##......#......###
#######........#..#
######......# #...#...>
....#...#. ..### .# #..
..


You could see 3 wights.

Vanquished Creatures
  A wight (D:5)
  A hound (D:5)
  2 jellies (D:4)
  2 adders (D:3)
  A white imp (D:5)
  A worm (D:2)
  3 dart slugs
  8 bats
  5 endoplasms
  4 giant cockroaches
  6 goblins
  8 hobgoblins
  11 jackals (D:1)
  6 kobolds
  3 quokkas
  5 ball pythons
  2 frilled lizards
  4 rats
73 creatures vanquished.

Notes
Turn   | Place    | Note
-------+----------+-------------------------------------------
     0 | D:1      | qw the Gargoyle Hexslinger began the quest for the Orb.
     0 | D:1      | Reached XP level 1. HP: 12/12 MP: 2/2
     0 | D:1      | 0 ||| qw: Version: 0.3-a-52-g30416fa
     0 | D:1      | 0 ||| qw: Game counter: 5920
     0 | D:1      | 0 ||| qw: Melee chars always use a shield: true
     0 | D:1      | 0 ||| qw: God list: Okawaru
     0 | D:1      | 0 ||| qw: Allow faded altars: false
     0 | D:1      | 0 ||| qw: Do Orc after clearing Dungeon:15 true
     0 | D:1      | 0 ||| qw: Do second Lair branch before Depths: true
     0 | D:1      | 0 ||| qw: Lair rune preference: random
     0 | D:1      | 0 ||| qw: Goals: Normal
     0 | D:1      | 0 ||| PLANNING D:1-11
    93 | D:1      | 93 ||| DROPPING scroll of poison.
   103 | D:1      | HP: 3/12 [hobgoblin (2)]
   161 | D:1      | 161 ||| Stepping ~*~*~tactically~*~*~ (outnumbered).
   165 | D:1      | Reached XP level 2. HP: 12/16 MP: 3/3
   267 | D:1      | Reached skill level 3 in Ranged Weapons
   449 | D:1      | Reached XP level 3. HP: 21/21 MP: 4/4
   577 | D:1      | 577 ||| UPGRADING to +0 leather armour.
   586 | D:1      | 586 ||| UPGRADING to +0 leather armour.
   596 | D:1      | 596 ||| DROPPING +0 robe.
   607 | D:1      | 607 ||| UPGRADING to +0 ring mail.
   617 | D:1      | 617 ||| DROPPING +0 leather armour.
   750 | D:1      | Found a faded altar of an unknown god.
   799 | D:1      | 799 ||| UPGRADING to ring of willpower.
   977 | D:2      | 977 ||| FLEEEEING.
  1101 | D:2      | Identified the +1 robe of Suip {rF+ rN+}
  1211 | D:2      | Reached XP level 4. HP: 26/26 MP: 5/5
  1263 | D:2      | 1263 ||| UPGRADING to +2 cloak.
  1268 | D:2      | 1268 ||| UPGRADING to +1 robe of Suip {rF+ rN+}.
  1278 | D:2      | 1278 ||| READING 2 scrolls labelled CINGUW KEHEU.
  1279 | D:2      | 1279 ||| READING scroll labelled SEJEJI MEBIUT.
  1359 | D:3      | Reached skill level 4 in Ranged Weapons
  1366 | D:3      | Found Tetzax's Armour Emporium.
  1642 | D:3      | Found a runed translucent gate.
  1643 | D:3      | Found a runed translucent gate.
  1644 | D:3      | Found a runed translucent gate.
  1648 | D:3      | Identified the +5 dagger of Chaos {drain, SInv}
  1653 | D:3      | Noticed qw's ghost (amateur GrHs)
  2025 | D:3      | 2025 ||| READING scroll labelled UMME ITUT ROU.
  2026 | D:3      | 2026 ||| READING 3 scrolls of identify.
  2026 | D:3      | 2026 ||| IDENTIFYING emerald potion
  2027 | D:3      | 2027 ||| READING 2 scrolls of identify.
  2027 | D:3      | 2027 ||| IDENTIFYING puce potion
  2028 | D:3      | 2028 ||| DROPPING potion of degeneration.
  2123 | D:4      | Reached XP level 5. HP: 30/30 MP: 6/6
  2403 | D:4      | 2403 ||| READING scroll labelled IRAUSCH QIOVIR.
  2404 | D:4      | 2404 ||| DRINKING 2 bubbling pink potions.
  2405 | D:4      | 2405 ||| READING 3 scrolls of identify.
  2405 | D:4      | 2405 ||| IDENTIFYING sapphire potion
  2406 | D:4      | 2406 ||| READING 2 scrolls of identify.
  2406 | D:4      | 2406 ||| IDENTIFYING fuming clear potion
  2407 | D:4      | 2407 ||| DROPPING potion of berserk rage.
  2408 | D:4      | 2408 ||| DROPPING potion of brilliance.
  2409 | D:4      | 2409 ||| DROPPING potion of attraction.
  2425 | D:4      | Found a staircase to the Ecumenical Temple.
  2426 | D:4      | 2426 ||| PLANNING TEMPLE
  2436 | Temple   | Entered the Ecumenical Temple
  2513 | Temple   | 2513 ||| PLANNING OKAWARU WORSHIP
  2587 | Temple   | Became a worshipper of Warmaster Okawaru
  2588 | Temple   | 2588 ||| PLANNING D:1-11
  2635 | D:4      | Found Sellis's Antique Weapon Shop.
  2932 | D:4      | 2932 ||| READING scroll labelled ILYTRELAO.
  2966 | D:5      | Entered Level 5 of the Dungeon
  2979 | D:5      | Reached skill level 5 in Ranged Weapons
  2979 | D:5      | 2979 ||| STAIRDANCE
  2982 | D:4      | HP: 2/30 [acid (6)]
  3113 | D:5      | Reached skill level 3 in Fighting
  3124 | D:5      | Reached XP level 6. HP: 37/37 MP: 7/7
  3139 | D:5      | HP: 7/37 [wight/+3 spear (6)]
  3145 | D:5      | 3145 ||| FLEEEEING.
  3146 | D:5      | 3146 ||| FLEEEEING.
  3147 | D:5      | 3147 ||| FLEEEEING.
  3148 | D:5      | 3148 ||| FLEEEEING.
  3149 | D:5      | 3149 ||| FLEEEEING.
  3151 | D:5      | HP: 2/37 [wight/+3 spear (8)]
  3152 | D:5      | Slain by a wight

Levels and vault maps discovered:
D:1:      dpeg_arrival_rhombi, layout_basic, ebering_ecumenical_altar_hall,
          nicolae_the_louvre
D:2:      layout_rooms
D:3:      layout_basic, biasface_ghost_orc_armoury, serial_shops,
          nicolae_shop_behind_doors, nicolae_concentric_dashed_squares_mild
D:4:      layout_loops_ring, minmay_temple_entry_trees, serial_shops, shop,
          serial_aquarium, aquarium_bridge_square [aquarium_subvault_wall,
          aquarium_subvault_bridge, aquarium_subvault_window,
          aquarium_subvault_wall], aquarium_window_fake, aquarium_window_corner,
          aquarium_window_1, aquarium_view_2b, aquarium_view_2e, aquarium_pool_2
D:5:      minmay_evil_eye, layout_cave_pools, uniq_duvessa
Temple:   nicolae_temple_bog_church

Skill      XL: |  1  2  3  4  5 |
---------------+----------------+-----
Ranged Weapons | 3 4 5 |  5.4
Fighting       | 2 3 |  3.3
Dodging        | |  1.5
Spellcasting   | |  1.0
Hexes          | |  2.6

Action                     |  1- 3 |  4- 6 || total
---------------------------+-------+-------++-------
   Fire: Sling             |   185 |   121 ||   306
    Use: Scroll            |       |     9 ||     9
         Potion            |       |     1 ||     1
 Armour: Robe              |    32 |    32 ||    64
         Ring mail         |    16 |       ||    16
  Dodge: Dodged            |    86 |    43 ||   129

Table legend:
 A = Non-vault XP
 B = Vault XP
 C = Vault XP percentage of total XP
 D = Non-vault monster count
 E = Vault monster count
 F = Vault count percentage of total count
                 A         B        C        D         E       F
            +---------+---------+-------+---------+---------+-------
      Total |     357 |       0 |   0.0 |      73 |       0 |   0.0
            +---------+---------+-------+---------+---------+-------
        D:1 |      50 |       0 |   0.0 |      28 |       0 |   0.0
        D:2 |      32 |       0 |   0.0 |      18 |       0 |   0.0
        D:3 |      46 |       0 |   0.0 |      13 |       0 |   0.0
        D:4 |     104 |       0 |   0.0 |      11 |       0 |   0.0
        D:5 |     125 |       0 |   0.0 |       3 |       0 |   0.0
            +---------+---------+-------+---------+---------+-------
